AoeStats
← Hobab

Arena

509313484Analyzed
2v2 RM · 7d ago on Sep 26, 2026· 53m 36s· 4 players
Game mode
Random Map
Map size
Medium (4 player)
Population
200
Speed
Normal
Resources
Standard
Victory
Conquest
Starting age
Dark Age
Ending age
Imperial Age
RankedLock teamsTeams togetherTeam positionsShared explorationLock speedFull tech treeHidden civsTurbo modeCheats
Victory
Defeat
🇩🇪 Britons · Germany
1098
+18
🇩🇪 Spanish · Germany
1068
+19
🇫🇮 Romans · Finland
1141
-19
🇵🇱 Saracens · Poland
1126
-18
Haitatchi
10:43 Feudal Age
12:30 Double-Bit Axe
12:28 Horse Collar
13:57 Loom
16:40 Castle Age
17:41 Bow Saw
17:23 Stone Mining
17:37 Heavy Plow
23:06 Scale Mail Armor
24:36 Wheelbarrow
24:20 Gold Mining
26:21 Stone Shaft Mining
26:20 Town Watch
32:47 Imperial Age
32:17 Wheelbarrow
32:49 Scale Barding Armor
32:54 Forging
33:26 Cavalier
34:06 Husbandry
34:17 Bloodlines
35:32 Two-Man Saw
35:12 Iron Casting
35:04 Chain Barding Armor
35:06 Paladin
37:43 Conscription
42:43 Plate Barding Armor
43:08 Blast Furnace
41:53 Light Cavalry
43:16 Hussar
46:25 Hand Cart
46:10 Town Patrol
Baumewok
10:23 Feudal Age
11:51 Double-Bit Axe
14:33 Castle Age
12:42 Horse Collar
15:36 Bow Saw
18:41 Fervor
24:10 Heavy Plow
25:46 Fletching
30:42 Imperial Age
28:26 Padded Archer Armor
29:11 Ballistics
29:05 Fortified Wall
29:08 Bodkin Arrow
29:32 Leather Archer Armor
29:22 Caravan
29:55 Coinage
29:29 Gold Mining
29:31 Stone Mining
30:07 Yeomen
32:20 Wheelbarrow
33:38 Two-Man Saw
32:03 Capped Ram
33:08 Bracer
34:25 Conscription
34:58 Hand Cart
34:29 Loom
34:30 Town Watch
36:15 Banking
36:22 Ring Archer Armor
36:58 Chemistry
36:05 Siege Engineers
35:58 Murder Holes
36:15 Masonry
36:32 Warwolf
43:43 Forging
43:33 Scale Mail Armor
43:44 Elite Longbowman
45:03 Iron Casting
44:43 Chain Mail Armor
43:53 Pikeman
44:33 Squires
45:28 Halberdier
45:54 Arson
48:08 Blast Furnace
47:38 Plate Mail Armor
48:44 Plate Mail Armor
48:52 Gold Shaft Mining
51:10 Hoardings
51:13 Onager
Bodziu
0:26 Loom
11:48 Feudal Age
18:00 Castle Age
16:19 Double-Bit Axe
16:25 Horse Collar
17:25 Gold Mining
23:41 Scale Barding Armor
24:27 Bloodlines
24:19 Husbandry
24:50 Chain Barding Armor
24:42 Fletching
26:14 Forging
28:55 Iron Casting
28:56 Bodkin Arrow
34:41 Imperial Age
33:53 Gold Shaft Mining
37:37 Plate Barding Armor
41:12 Blast Furnace
43:21 Chemistry
43:24 Bracer
44:30 Ballistics
44:40 Elite Skirmisher
46:20 Bow Saw
45:35 Pikeman
46:16 Squires
46:55 Padded Archer Armor
48:20 Leather Archer Armor
50:16 Ring Archer Armor
52:13 Heavy Plow
Hobab
2:43 Loom
12:36 Feudal Age
18:11 Castle Age
16:39 Double-Bit Axe
16:47 Gold Mining
21:07 Bow Saw
25:40 Gold Shaft Mining
26:09 Horse Collar
27:41 Ballistics
33:14 Imperial Age
35:04 Heavy Scorpion
36:47 Chemistry
38:47 Forging
41:35 Scale Barding Armor
42:06 Iron Casting
43:10 Chain Barding Armor
43:25 Fortified Wall
46:02 Murder Holes
45:40 Pikeman
46:21 Squires
46:25 Scale Mail Armor
46:12 Man-at-Arms
47:09 Long Swordsman
48:08 Chain Mail Armor
49:14 Legionary
52:07 Squires
Connection lost

Rejoining the realm…

Still unreachable

The connection could not be restored.

Session expired

The server has moved on; the page needs a fresh start.